 Dungeon Crawl Stone Soup version 0.28.0-43-g3370ac3207 (webtiles) character file.

Game seed: 8690616796124542476

72 crimpus the Cutter (level 4, -1/29 HPs)
             Began as a Kobold Berserker on Mar 11, 2022.
             Was a Believer of Trog.
             Slain by Robin
             ... wielding a +0 short sword
              (6 damage)
             ... on level 3 of the Dungeon.
             The game lasted 00:02:42 (3219 turns).

crimpus the Cutter (Kobold Berserker)               Turns: 3219, Time: 00:02:43

Health: -1/29      AC:  3    Str: 14    XL:     4   Next: 50%
Magic:  4/4        EV: 14    Int:  8    God:    Trog [**....]
Gold:   39         SH:  0    Dex: 16    Spells: 3/3 levels left

rFire   . . .      SeeInvis .   a - +0 short sword
rCold   . . .      Faith    .   (no shield)
rNeg    . . .      Spirit   .   d - +0 leather armour
rPois   .          Reflect  .   (no helmet)
rElec   .          Harm     .   (no cloak)
rCorr   .          Rampage  .   (no gloves)
Will    .....                   (no boots)
Stlth   +++.......              (no amulet)
HPRegen 0.09/turn               (no ring)
MPRegen 0.09/turn               (no ring)

@: no status effects
A: small, no large weapons, nightstalker 3
a: Renounce Religion, Berserk, Trog's Hand


You were on level 3 of the Dungeon.
You worshipped Trog.
Trog was pleased with you.
You visited 1 branch of the dungeon, and saw 4 of its levels.

You collected 39 gold pieces.

Inventory:

Hand Weapons
 a - a +0 short sword (weapon)
Armour
 d - a +0 leather armour (worn)
Scrolls
 f - a scroll of teleportation {unknown}
Potions
 b - a potion of invisibility {unknown}
 c - 2 potions of brilliance {unknown}
 e - a potion of flight {unknown}
 g - a potion of haste {unknown}


   Skills:
 + Level 3.9 Fighting
 + Level 4.8 Short Blades
 + Level 1.7 Armour
 + Level 2.7 Dodging
 + Level 3.0 Stealth


You had 3 spell levels left.
You didn't know any spells.
Your spell library was empty.

Dungeon Overview and Level Annotations

Branches:
Dungeon (4/15)
 Temple: D:4-7

Altars:

Annotations:
D:3 Robin


Innate Abilities, Weirdness & Mutations

You are small and have problems with some larger weapons.
You are completely attuned to the shadows.


Message History

You start waiting.
Done waiting.
You now have 39 gold pieces (gained 8).
Found a war axe.
There is a stone staircase leading up here.
You can't go down here!
You climb upwards.
Level annotation: Robin The goblin hits you with a +0 dagger.
The goblin hits you but does no damage.
There is a stone staircase leading down here.
Robin throws the goblin at you! The goblin hits you but does no damage.
You barely miss the goblin.
Robin roars a battlecry!
The goblin goes into a battle-frenzy!
The goblin hits you with a +0 dagger.
You closely miss the goblin. Robin hits you with a +0 short sword.
The goblin closely misses you.
You barely miss the goblin. Robin closely misses you.
You hit the goblin.
The goblin is moderately wounded.
The goblin hits you with a +0 dagger. Robin hits you with a +0 short sword.
You barely miss the goblin.
The goblin is moderately wounded.
The goblin hits you but does no damage. Robin hits you with a +0 short sword.
You barely miss the goblin.
The goblin is moderately wounded.
The goblin barely misses you. Robin hits you with a +0 short sword.
You closely miss the goblin.
The goblin is moderately wounded.
The goblin closely misses you.
You barely miss the goblin.
The goblin is moderately wounded.
Robin hits you with a +0 short sword.
* * * LOW HITPOINT WARNING * * *
The goblin hits you with a +0 dagger.
* * * LOW HITPOINT WARNING * * *
You hit the goblin but do no damage.
The goblin is moderately wounded.
Robin hits you with a +0 short sword.
You die...

##########
....g....#####
#...>@g...)...
#.######.#####
#.# #.####
.######.....
.........###
#...###.#####
#...# #.#
##...###.##


You could see Robin and a goblin (strong).

Vanquished Creatures
  2 adders (D:2)
  2 worms (D:2)
  4 endoplasms
  A giant cockroach (D:2)
  7 goblins
  2 hobgoblins
  6 jackals (D:2)
  A kobold (D:1)
  2 quokkas (D:1)
  2 ball pythons (D:2)
  8 bats
  3 frilled lizards
  6 rats
46 creatures vanquished.

Notes
Turn   | Place    | Note
-------+----------+-------------------------------------------
     0 | D:1      | crimpus the Kobold Berserker began the quest for the Orb.
     0 | D:1      | Reached XP level 1. HP: 14/14 MP: 1/1
   473 | D:1      | Reached XP level 2. HP: 19/19 MP: 2/2
   727 | D:1      | Reached skill level 1 in Stealth
  1897 | D:2      | Reached XP level 3. HP: 24/24 MP: 3/3
  2162 | D:2      | Reached ** piety under Trog
  2163 | D:2      | Reached XP level 4. HP: 26/29 MP: 4/4
  2243 | D:2      | Found a faded altar of an unknown god.
  2605 | D:3      | Noticed Robin
  3219 | D:3      | Slain by Robin

Illustrated notes

Levels and vault maps discovered:
D:1:      dpeg_arrival_arbitrary_a, layout_basic
D:2:      layout_basic, hellmonk_ecumenical_altar_blasted
D:3:      layout_loops_ring, ebering_ghost_rock_garden, minivault_19,
          nrook_mini_backslash, minmay_close_crescents, uniq_sigmund, uniq_robin
D:4:      layout_gridville, serial_park_tiny_2

Skill      XL: |  1  2  3  4 |
---------------+-------------+-----
Stealth        | 1 2 3 |  3.0
Fighting       | |  3.9
Short Blades   | |  4.8
Armour         | |  1.7
Dodging        | |  2.7

Action                   |  1- 3 |  4- 6 || total
-------------------------+-------+-------++-------
Melee: Short sword       |    99 |    45 ||   144
       Punch             |     1 |     2 ||     3
 Stab: Sleeping          |    12 |     9 ||    21
Armor: Animal skin       |     4 |       ||     4
       Leather armour    |    19 |    11 ||    30
Dodge: Dodged            |    70 |    29 ||    99
